 Dungeon Crawl Stone Soup version 0.30-a0-4-ga7cffc901d (webtiles) character file.

Game seed: 2874626606051655408

174 SensoryNuts the Chopper (level 5, -2/46 HPs)
             Began as a Hill Orc Fighter on Aug 21, 2022.
             Succumbed to Crazy Yiuf's poison
             ... on level 4 of the Dungeon.
             The game lasted 00:05:59 (4312 turns).

SensoryNuts the Chopper (Hill Orc Fighter)          Turns: 4312, Time: 00:05:59

Health: -2/46      AC:  8    Str: 18 (21) XL:     5   Next: 54%
Magic:  5/5        EV:  9    Int:  6 (8)  God:
Gold:   173        SH:  4    Dex:  8 (10) Spells: 4/4 levels left

rFire   . . .      SeeInvis .    a - +1 war axe
rCold   . . .      Faith    .    c - +0 buckler
rNeg    . . .      Spirit   .    b - +0 scale mail
rPois   .          Reflect  .    (no helmet)
rElec   .          Harm     .    (no cloak)
rCorr   .          Rampage  .    (no gloves)
Will    .....                    i - +0 pair of boots
Stlth   ..........               (no amulet)
HPRegen 0.15/turn                (no ring)
MPRegen 0.09/turn                (no ring)

@: mighty, lethally poisoned (-2 -> -31)
A: no striking features
a: no special abilities


You were on level 4 of the Dungeon.
You visited 2 branches of the dungeon, and saw 5 of its levels.

You collected 173 gold pieces.

Inventory:

Hand Weapons
 a - a +1 war axe (weapon)
Armour
 b - a +0 scale mail (worn)
 c - a +0 buckler (worn)
 i - a +0 pair of boots (worn)
Jewellery
 n - a ring of wizardry
 q - an amulet of the acrobat
 s - a ring of flight
 u - an amulet of faith
Wands
 k - a wand of flame (7)
Scrolls
 g - 2 scrolls of teleportation
 h - 5 scrolls of identify
 l - 3 scrolls of enchant armour
 o - 3 scrolls of vulnerability
 r - 2 scrolls of enchant weapon
 t - a scroll of poison {unknown}
 v - a scroll of amnesia {unknown}
Potions
 d - 3 potions of might
 f - a potion of attraction {unknown}
 j - a potion of resistance {unknown}
 m - 2 potions of curing {unknown}
 p - a potion of brilliance {unknown}


   Skills:
 + Level 4.3 Fighting
 * Level 5.3 Axes
 + Level 4.4 Armour
 + Level 0.4 Dodging
 + Level 3.7 Shields


You had 4 spell levels left.
You didn't know any spells.
Your spell library contained the following spells:

 Spells                   Type           Power      Damage    Failure   Level
 Summon Forest            Summ/Tloc      0%         N/A       100%        5
 Eringya's Noxious Bog    Tmut/Pois      0%         N/A       100%        6
 Summon Hydra             Summ           0%         N/A       100%        7


Dungeon Overview and Level Annotations

Branches:
Dungeon (4/15)             Temple (1/1) D:4

Altars:
Ashenzari
Dithmenos
Elyvilon
Fedhas
Hepliaklqana
Kikubaaqudgha
Okawaru
Ru
Sif Muna
Trog
Vehumet
Wu Jian
Xom
Yredelemnul
Zin
The Shining One

Shops:
D:4 =

Annotations:
D:4 Crazy Yiuf


Message History

There is an entrance to Bilon's Jewellery Boutique here.
v - a scroll labelled POGUNG QANOMP Key pressed, stopping explore.
You now have 173 gold pieces (gained 13).
h - 5 scrolls of identify (gained 1)
You open the door.
There is an open door here.
You open the door.
There is an open door here.
You see here a +0 sling.
Crazy Yiuf shouts!
Could not explore, unopened runed door.
No reachable target in view!
You open the door.
You feel very mighty all of a sudden. Crazy Yiuf barely misses you.
You slash Crazy Yiuf!
Crazy Yiuf is heavily wounded.
Crazy Yiuf hits you with a +3 quarterstaff of chaos.
You are poisoned.
Crazy Yiuf hits you with a +3 quarterstaff of chaos.
You closely miss Crazy Yiuf.
Crazy Yiuf is heavily wounded.
You feel very sick. Crazy Yiuf barely misses you.
You barely miss Crazy Yiuf.
Crazy Yiuf is heavily wounded.
You feel very sick.
Crazy Yiuf hits you with a +3 quarterstaff of chaos!
You completely miss Crazy Yiuf.
Crazy Yiuf is heavily wounded.
You feel very sick. Crazy Yiuf closely misses you.
Crazy Yiuf hits you with a +3 quarterstaff of chaos!
* * * LOW HITPOINT WARNING * * *
You are more poisoned.
It was a potion of degeneration.
There was something very wrong with that liquid.
You feel weakened.
You feel dopey.
You feel clumsy.
You die...

#...# #.....####.###.#
#. #...# #.....# #.#
#.# #. ##### #.....#
#.# #.# #. ####### ###
#.# #. #.#####.
####### #....... ####
###...#.### ###
########
...####...PP.#..##...#
##........PP####@g...#
##.....#..## ###..)#
#.....#### ### #.....#
#.....#
#.....########### ###
#............##.# #.#
#######......##.# #.#
#######.......###.#
##.#


You could see Crazy Yiuf.

Vanquished Creatures
  A hound (D:4)
  An iguana (D:4)
  5 adders
  A worm (D:2)
  2 dart slugs
  An orc (D:3)
  4 bats
  5 endoplasms
  2 giant cockroaches (D:2)
  9 goblins
  7 hobgoblins
  4 jackals (D:4)
  8 kobolds
  3 quokkas
  2 ball pythons
  A frilled lizard (D:1)
  3 rats
59 creatures vanquished.

Notes
Turn   | Place    | Note
-------+----------+-------------------------------------------
     0 | D:1      | SensoryNuts the Hill Orc Fighter began the quest for the
                  | Orb.
     0 | D:1      | Reached XP level 1. HP: 19/19 MP: 1/1
   388 | D:1      | Reached XP level 2. HP: 27/27 MP: 2/2
   636 | D:1      | Reached skill level 3 in Axes
  1018 | D:2      | Reached XP level 3. HP: 30/33 MP: 3/3
  1835 | D:3      | Found a faded altar of an unknown god.
  1976 | D:3      | Reached XP level 4. HP: 40/40 MP: 4/4
  1976 | D:3      | Found a radiant altar of Vehumet.
  2856 | D:4      | Found a shimmering blue altar of Sif Muna.
  2886 | D:4      | Found a runed translucent door.
  2887 | D:4      | Noticed Crazy Yiuf
  2969 | D:4      | Found a staircase to the Ecumenical Temple.
  3053 | D:4      | Reached skill level 4 in Axes
  3149 | Temple   | Entered the Ecumenical Temple
  3433 | D:4      | Reached XP level 5. HP: 15/46 MP: 5/5
  3683 | D:4      | Reached skill level 5 in Axes
  3966 | D:4      | Found a hazy altar of Hepliaklqana.
  4170 | D:4      | Found Bilon's Jewellery Boutique.
  4312 | D:4      | Succumbed to Crazy Yiuf's poison

Illustrated notes

Levels and vault maps discovered:
D:1:      minmay_arrival_nine_rooms, layout_loops_corners
D:2:      layout_rooms
D:3:      layout_loops_corners, vehumet_altar_wand_db,
          shapermc_ecumenical_altar_mp_highgroup
D:4:      layout_basic, mainiacjoe_overflow_alcove_1,
          nicolae_sif_muna_condensation, minmay_temple_entry_poolview,
          serial_shops, nicolae_square_shop, uniq_crazy_yiuf_cottage
Temple:   hellmonk_temple_forest_ring

Skill      XL: |  1  2  3  4  5 |
---------------+----------------+-----
Axes           | 3 4 5 |  5.3
Fighting       | 4 |  4.3
Armour         | 4 |  4.4
Dodging        | |  0.4
Shields        | |  3.7

Action                   |  1- 3 |  4- 6 || total
-------------------------+-------+-------++-------
Melee: War axe           |   110 |    77 ||   187
  Use: Scroll            |     4 |       ||     4
       Potion            |       |     2 ||     2
Armor: Scale mail        |    50 |    45 ||    95
Dodge: Dodged            |    48 |    53 ||   101
Block: Buckler           |    26 |    21 ||    47

Table legend: (Time is in decaauts)
 A = Elapsed time spent in this place.
 B = Non-inter-level travel time spent in this place.
 C = Inter-level travel time spent in this place.
 D = Time resting spent in this place.
 E = Time spent auto-exploring this place.
 F = Levels seen in this place.
 G = Mean time per level.
                   A        B        C        D        E       F      G
               +--------+--------+--------+--------+--------+-----+--------+
         Total |   4379 |   4262 |    117 |      0 |   3650 |   5 |  875.8 |
       Dungeon |   4204 |   4119 |     85 |      0 |   3519 |   4 | 1051.0 |
        Temple |    174 |    142 |     32 |      0 |    131 |   1 |  174.0 |
               +--------+--------+--------+--------+--------+-----+--------+

Top non-repeatable levels by time:
     D:4: 1359 daAuts
     D:3: 1091 daAuts
     D:1: 999 daAuts
     D:2: 753 daAuts
  Temple: 174 daAuts
